 Dungeon Crawl Stone Soup version bcrawl-1.22 (webtiles) character file.

Game seed: 15889595950799801829

2916 Morbidden the Thaumaturge (level 9, -2/52 HPs)
             Began as an Avariel Air Elementalist on May 21, 2020.
             Was a Priest of Okawaru.
             Slain by a bullfrog zombie (10 damage)
             ... on level 6 of the Dungeon.
             The game lasted 00:17:56 (6984 turns).

Morbidden the Thaumaturge (AvAE)                    Turns: 6984, Time: 00:17:56

Health: -2/52      AC:  2    Str: 11    XL:     9   Next: 78%
Magic:  3/25       EV: 19    Int: 24    God:    Okawaru [***...]
Gold:   601        SH:  0    Dex: 13    Spells: 16/29 levels left

rFire    . . .     SeeInvis .     - Unarmed
rCold    . . .     Gourm    .   (no shield)
rNeg     . . .     Faith    .   a - +0 robe
rPois    .         Spirit   .   (no helmet)
rElec    +         Reflect  .   (no cloak)
rCorr    .         Harm     .   (no gloves)
MR       .....                  (no boots)
Stlth    ++++......             (no amulet)
HPRegen  0.17/turn              v - +4 ring of strength
MPRegen  0.19/turn              n - ring of insulation

@: heroism, flying quickly and evasively, very slightly contaminated, quick
A: able to fly
a: Stop Flying, Heroism, Renounce Religion


You were on level 6 of the Dungeon.
You worshipped Okawaru.
Okawaru was most pleased with you.
You were hungry.

You visited 2 branches of the dungeon, and saw 7 of its levels.

You collected 601 gold pieces.

Inventory:

Armour
 a - a +0 robe (worn)
 q - a +3 chain mail of poison resistance
Jewellery
 l - an uncursed ring of protection from magic
 n - a ring of insulation (right hand)
 o - an uncursed ring of wizardry
 v - a +4 ring of strength (left hand)
Wands
 m - a wand of disintegration (26)
 x - a wand of iceblast (9)
Scrolls
 f - a scroll of enchant weapon
 g - 3 scrolls of identify
 h - 6 scrolls of remove curse
 i - 3 scrolls of magic mapping {unknown}
 k - a scroll of enchant armour {unknown}
 u - 2 scrolls of teleportation {unknown}
Potions
 b - a potion of cancellation {unknown}
 c - 2 potions of flight
 d - 4 potions of curing
 p - a potion of brilliance {unknown}
 r - a potion of heal wounds {unknown}
 s - a potion of berserk rage {unknown}
 w - a potion of degeneration {unknown}
Comestibles
 e - 10 rations {!d}


   Skills:
 * Level 3.9(8.9) Fighting
 + Level 2.5(7.5) Dodging
 + Level 2.8(7.8) Stealth
 * Level 10.9 Spellcasting
 + Level 4.1 Conjurations
 + Level 9.1 Air Magic
 * Level 4.6 Invocations


You had 16 spell levels left.
You knew the following spells:

 Your Spells              Type           Power        Failure   Level  Hunger
a - Shock                 Conj/Air       #####        1%          1    None
b - Spider Form           Tmut/Pois      ##.          14%         3    None
c - Airstrike             Air            ######....   1%          4    None
q - Swiftness             Chrm/Air       #####...     1%          2    None
z - Static Discharge      Air            ######..     1%          3    None

Your spell library contained the following spells:

 Spells                   Type           Power        Failure   Level  Hunger
 Magic Dart               Conj           ####         1%          1    None
 Mephitic Cloud           Conj/Pois/Air  ####....     2%          3    None
 Conjure Flame            Conj/Fire      ###.....     6%          3    None
 Blink                    Tloc           N/A          8%          2    None
 Call Imp                 Summ           ##....       8%          2    None
 Lightning Bolt           Conj/Air       #####.....   9%          5    ####...


Dungeon Overview and Level Annotations

Branches:
Dungeon (6/12)             Temple (1/1) D:4

Altars:
Ashenzari
Dithmenos
Fedhas
Gozag
Kikubaaqudgha
Lugonu
Makhleb
Okawaru
Qazlal
Ru
Sif Muna
Trog
Vehumet
Wu Jian
Xom
Yredelemnul


Innate Abilities, Weirdness & Mutations

You can fly continuously.


Message History

Unknown command.
Casting: Static Discharge (safe; 1% risk of failure)
Confirm with . or Enter, or press ? or * to list all spells.
You don't have enough magic to cast that spell.
Unknown command.
You barely miss the bullfrog zombie.
The bullfrog zombie is almost destroyed.
The bullfrog zombie misses you.
Unknown command.
Unknown command.
You hit the bullfrog zombie but do no damage.
The bullfrog zombie is almost destroyed.
The bullfrog zombie hits you.
* * * LOW HITPOINT WARNING * * *
Unknown command.
Unknown command.
Unknown command.
Unknown command.
The bullfrog zombie hits you!
You die...

..... #...........# #.....
##### #...........# #..... ..
.............# #..... ...
.............######..... ...
........................
..########'##...)<......
..#.........+...)))#'### .
#.....Z...#......#.... ..
#...)@....#......#.... ..
#...#######......#....
###'######'#####..........#....
#............(.#....(.....#....
#..............#..........#....
#..........)...#..........#....
####....##.....#..........#....
#....########..........###'#
#.c...# ..##########)....


You could see a bullfrog zombie.

Vanquished Creatures
  A troll (D:6)
  A hippogriff (D:6)
  A hungry ghost (D:6)
  Edmund (D:4)
  A water moccasin (D:6)
  3 phantoms
  2 ogres (D:6)
  2 centaurs (D:6)
  9 big kobolds (D:4)
  3 scorpions
  A howler monkey (D:6)
  3 crimson imps
  2 jellies
  2 orc priests (D:4)
  5 hounds
  A gnoll shaman (D:6)
  An iguana (D:6)
  An orc wizard (D:3)
  4 worker ants
  5 adders
  7 gnolls
  A shadow imp (D:5)
  3 worms
  2 leopard geckos (D:1)
  9 orcs
  6 bats
  2 giant cockroaches (D:1)
  3 goblins
  3 hobgoblins
  4 jackals (D:3)
  A quokka (D:3)
  3 frilled lizards
  A jackal skeleton (D:4)
  51 kobolds
  5 rats
150 creatures vanquished.

Notes
Turn   | Place    | Note
-------+----------+-------------------------------------------
     0 | D:1      | Morbidden the Avariel Air Elementalist began the quest for
                  | the Orb.
     0 | D:1      | Reached XP level 1. HP: 10/10 MP: 6/6
    68 | D:1      | Reached XP level 2. HP: 15/15 MP: 0/7
   189 | D:1      | Reached skill level 3 in Spellcasting
   539 | D:1      | Reached skill level 5 in Air Magic
   983 | D:2      | Reached XP level 3. HP: 19/19 MP: 4/9
  1299 | D:2      | Learned a level 3 spell: Static Discharge
  1541 | D:3      | Reached skill level 4 in Spellcasting
  1541 | D:3      | Reached XP level 4. HP: 19/24 MP: 1/12
  1684 | D:3      | Reached skill level 1 in Fighting
  1684 | D:3      | Reached XP level 5. HP: 20/29 MP: 2/13
  1808 | D:3      | Learned a level 4 spell: Airstrike
  1856 | D:3      | Reached skill level 5 in Spellcasting
  2241 | D:3      | Reached XP level 6. HP: 22/34 MP: 5/16
  2652 | D:3      | Learned a level 2 spell: Swiftness
  2679 | D:4      | Found an opulent altar of Gozag.
  2772 | D:4      | Found a staircase to the Ecumenical Temple.
  2782 | D:4      | Noticed a phantom
  2789 | Temple   | Entered the Ecumenical Temple
  2878 | Temple   | Became a worshipper of Warmaster Okawaru
  2904 | D:4      | Killed a phantom
  2904 | D:4      | Reached skill level 6 in Spellcasting
  3358 | D:4      | Reached XP level 7. HP: 40/40 MP: 13/18
  3442 | D:4      | Reached skill level 1 in Invocations
  3617 | D:4      | Found a burning altar of Makhleb.
  3887 | D:4      | Reached * piety under Okawaru
  3997 | D:4      | Reached skill level 7 in Spellcasting
  4145 | D:4      | Reached XP level 8. HP: 45/45 MP: 1/21
  4362 | D:4      | Noticed Edmund
  4367 | D:4      | Killed Edmund
  4467 | D:4      | Reached skill level 8 in Spellcasting
  4659 | D:4      | Reached ** piety under Okawaru
  5064 | D:5      | Entered Level 5 of the Dungeon
  5092 | D:5      | Found a radiant altar of Vehumet.
  5092 | D:5      | Found a corrupted altar of Lugonu.
  5092 | D:5      | Found a basalt altar of Yredelemnul.
  5360 | D:5      | Found a stormy altar of Qazlal.
  5531 | D:5      | Reached skill level 9 in Spellcasting
  5531 | D:5      | Gained mutation: You can fly continuously. [Avariel growth]
  5531 | D:5      | Reached XP level 9. HP: 51/51 MP: 13/24
  6170 | D:6      | Reached *** piety under Okawaru
  6234 | D:6      | Reached skill level 10 in Spellcasting
  6404 | D:6      | Noticed a troll
  6410 | D:6      | Killed a troll
  6641 | D:6      | Found an ancient bone altar of Kikubaaqudgha.
  6727 | D:6      | Found an ornate altar of the Wu Jian Council.
  6866 | D:6      | Learned a level 3 spell: Spider Form
  6984 | D:6      | Slain by a bullfrog zombie

Skill      XL: |  1  2  3  4  5  6  7  8  9 |
---------------+----------------------------+-----
Spellcasting   | 3 4 5 6 7 9 10 | 10.9
Air Magic      | 5 6 7 9 |  9.1
Fighting       | 1 2 3 |  3.9
Conjurations   | 2 3 4 |  4.1
Invocations    | 2 4 |  4.6
Dodging        | |  2.5
Stealth        | |  2.8

Action                   |  1- 3 |  4- 6 |  7- 9 || total
-------------------------+-------+-------+-------++-------
Melee: Unarmed           |    11 |     8 |     7 ||    26
 Cast: Shock             |    65 |    82 |   146 ||   293
       Static Discharge  |     1 |    10 |    44 ||    55
       Airstrike         |       |     2 |    22 ||    24
       Swiftness         |       |     1 |     2 ||     3
       Spider Form       |       |       |     1 ||     1
Invok: Heroism           |       |       |     2 ||     2
 Abil: Fly               |       |       |     1 ||     1
  Use: Scroll            |       |     1 |     4 ||     5
       Potion            |       |       |     2 ||     2
  Eat: Chunk             |     2 |     3 |     7 ||    12
       Ration            |       |     1 |     1 ||     2
Armor: Robe              |     9 |     6 |     6 ||    21
Dodge: Dodged            |    16 |    14 |    36 ||    66
